 Dungeon Crawl Stone Soup version 0.19.0-19-g8c6edcc (webtiles) character file.

14364 Monkfish the Unseen (level 12, -10/112 HPs)
             Began as a Kobold Berserker on Nov 14, 2016.
             Was an Elder of Trog.
             Mangled by a yak (13 damage)
             ... on level 2 of the Lair of Beasts.
             The game lasted 00:19:36 (11072 turns).

Monkfish the Unseen (Kobold Berserker)             Turns: 11072, Time: 00:19:36

Health: -10/112    AC: 12    Str: 21    XL:     12   Next: 44%
Magic:  12/12      EV: 19    Int: 12    God:    Trog [****..]
Gold:   696        SH:  6    Dex: 16    Spells: 0 memorised, 11 levels left

rFire  . . .     SeeInvis .     j - +4 dagger (drain)
rCold  . . .     Gourm    .     g - +1 ring mail "Tujiga" {*Slow rElec rPois Int+4}
rNeg   . . .     Faith    .     h - +0 buckler
rPois  +         Spirit   .     f - +1 helmet
rElec  +         Reflect  .     o - +0 cloak
rCorr  .         Harm     .     x - +0 pair of gloves
MR     ++...                    m - +1 pair of boots
Stlth  ..........               (no amulet)
                                a - ring of flight
                                l - ring of stealth

@: berserking, frozen, regenerating, slowed, very slow
A: hooves 1, carnivore 3, slow regeneration 1, weak 1
a: Berserk, Trog's Hand, Brothers in Arms, Burn Spellbooks, Renounce Religion,
Evoke Flight


You were on level 2 of the Lair of Beasts.
You worshipped Trog.
Trog was greatly pleased with you.
You were not hungry.

You visited 2 branches of the dungeon, and saw 13 of its levels.

You collected 696 gold pieces.

Inventory:

Hand Weapons
 e - a +2 dagger of venom
 j - a +4 dagger of draining (weapon)
 u - a +0 dagger of holy wrath
Armour
 f - a +1 helmet (worn)
 g - the +1 ring mail "Tujiga" (worn) {*Slow rElec rPois Int+4}
   (You found it on level 8 of the Dungeon)

   It affects your intelligence (+4).
   It insulates you from electricity.
   It protects you from poison.
   It may slow you when you take damage.
 h - a +0 buckler (worn)
 m - a +1 pair of boots (worn)
 o - a +0 cloak (worn)
 x - a +0 pair of gloves (worn)
Jewellery
 a - a ring of flight (right hand)
 l - a ring of stealth (left hand)
Wands
 b - a wand of lightning (8/15)
 p - a wand of teleportation (4/9)
 q - a wand of acid (7/15)
 r - a wand of acid (6/15)
 s - a wand of paralysis (11/24)
 w - a wand of disintegration (13/24)
 z - a wand of random effects (26/48)
Scrolls
 n - 2 scrolls of remove curse
 v - 2 scrolls of enchant armour
 y - 2 scrolls of silence
Comestibles
 c - 6 meat rations
 d - 3 beef jerkies
 k - 6 slices of pizza
 t - 10 royal jellies


   Skills:
 + Level 8.6 Fighting
 + Level 11.5 Short Blades
 - Level 1.5 Armour
 * Level 7.9 Dodging
 + Level 16.9 Stealth
 - Level 5.7 Shields


You had 11 spell levels left.
You didn't know any spells.

Dungeon Overview and Level Annotations

Branches:
Dungeon (11/15)            Temple (0/1) D:4            Lair (2/6) D:8
  Swamp: Lair:2-4    Shoals: Lair:2-4     Snake: Lair:2-4    Spider: Lair:2-4
    Orc: D:9-12

Altars:
Ashenzari
Dithmenos
Fedhas
Gozag
Makhleb
Nemelex Xobeh
Ru
Sif Muna
Xom
Zin
The Shining One

Shops:
D:5 ?=[   D:8 (

Annotations:
Lair:1 exclusion: 3 oklob plants
Lair:2 exclusion: oklob plant


Innate Abilities, Weirdness & Mutations

You are small and have problems with some larger weapons.
You are carnivorous and can eat meat at any time.
You have large cloven feet.
You regenerate slowly when monsters are visible.
You are weak. (Str -2)


Message History

You kill the yak!
Trog accepts your kill. The yak gores you but does no damage.
You puncture the yak! You drain the yak!
The yak is almost dead.
You puncture the yak!
The yak is almost dead.
The yak gores you but does no damage. The rime drake breathes ice at you.
The flash freeze hits you!
* * * LOW HITPOINT WARNING * * *
You are encased in ice.
Unknown command.
You puncture the yak!
The yak is severely wounded.
You puncture the yak! You drain the yak!
You kill the yak!
Trog accepts your kill. The yak gores you!
You die...

####.........# # #P........#
..... # ##........##### ..... #
##.........##P##..... ##
#..........P...........
.####.......................#
..###.....Y.................##
....#.....Y..#.....k..........
P...#....YY..###@##........... ..
...#.........##YY##.........# ...
...#.....Y...#tY.Y..........# ...
...#.......Y.#.YY...........##...
#..#.........##.†...........##...
...##........#P.............#....
............................#....
...........................#.....
..............P#..........##P....


You could see 6 yaks, a rime drake and a crocodile.

Vanquished Creatures
  Gastronok (D:10)
  Pikel (D:8)
  Maurice (D:10)
  3 spiny frogs
  A black mamba (Lair:1)
  2 komodo dragons
  A troll (D:9)
  A hornet (D:8)
  Prince Ribbit (D:8)
  2 hippogriffs
  20 yaks
  A wyvern (D:8)
  A hungry ghost (D:10)
  Grum (D:8)
  Menkaure (D:7)
  2 soldier ants (D:8)
  3 water moccasins
  2 black bears
  3 phantoms
  2 ice beasts (D:5)
  2 sky beasts (D:7)
  An eye of draining (D:9)
  4 orc warriors
  4 wolves (D:8)
  3 ogres
  3 crocodiles (Lair:1)
  A big kobold (D:7)
  9 bullfrogs
  A scorpion (D:7)
  10 killer bees
  5 wights (D:7)
  3 electric eels
  3 howler monkeys (D:7)
  A crimson imp (D:5)
  A quasit (D:5)
  A bullfrog zombie (D:10)
  9 orc wizards
  4 hounds
  2 jellies
  6 orc priests
  3 centaur skeletons
  Jessica (D:3)
  5 iguanas
  8 worker ants
  2 hound skeletons
  A howler monkey zombie (D:10)
  10 gnolls
  16 adders
  A shadow imp (D:6)
  An ooze (D:4)
  3 adder skeletons
  2 worms
  4 leopard geckos
  29 orcs
  2 ball pythons
  6 bats
  6 giant cockroaches
  12 goblins
  8 hobgoblins
  8 jackals
  4 quokkas
  3 frilled lizards
  A jackal skeleton (D:5)
  23 kobolds
  A leopard gecko skeleton (D:6)
  A quokka zombie (D:6)
  8 rats
292 creatures vanquished.

Vanquished Creatures (others)
  4 slaves (D:8)
  A big kobold (D:8)
  2 fungi
  22 plants
29 creatures vanquished.

Grand Total: 321 creatures vanquished

Notes
Turn   | Place    | Note
-------+----------+-------------------------------------------
     0 | D:1      | Monkfish the Kobold Berserker began the quest for the Orb.
     0 | D:1      | Reached XP level 1. HP: 14/14 MP: 1/1
   112 | D:1      | Reached skill level 1 in Stealth
   112 | D:1      | Reached XP level 2. HP: 6/19 MP: 2/2
   703 | D:1      | Reached XP level 3. HP: 18/24 MP: 3/3
   981 | D:2      | Reached XP level 4. HP: 28/29 MP: 4/4
  1335 | D:2      | Reached ** piety under Trog
  1394 | D:2      | Reached skill level 5 in Short Blades
  1705 | D:2      | Reached skill level 2 in Stealth
  1754 | D:2      | Gained mutation: You are weak. (Str -2) [potion of mutation]
  1754 | D:2      | Gained mutation: You have large cloven feet. [potion of mutation]
  1754 | D:2      | Gained mutation: You regenerate slowly when monsters are visible. [potion of mutation]
  1770 | D:3      | Reached XP level 5. HP: 33/33 MP: 5/5
  1774 | D:3      | Reached skill level 3 in Stealth
  1899 | D:3      | Found a deep blue altar of Sif Muna.
  1956 | D:3      | Reached skill level 4 in Stealth
  1968 | D:3      | Reached XP level 6. HP: 38/38 MP: 6/6
  2025 | D:3      | Reached *** piety under Trog
  2089 | D:3      | Noticed Jessica
  2097 | D:3      | Killed Jessica
  2097 | D:3      | Reached skill level 5 in Stealth
  2624 | D:4      | Found a staircase to the Ecumenical Temple.
  2635 | D:4      | Noticed an ogre
  2648 | D:4      | Reached XP level 7. HP: 44/44 MP: 7/7
  2653 | D:4      | Reached skill level 6 in Stealth
  3063 | D:5      | Entered Level 5 of the Dungeon
  3167 | D:5      | Found Farefoc's Magic Scroll Emporium.
  3177 | D:5      | Reached skill level 7 in Stealth
  3197 | D:5      | Found Aploedd's Antique Armour Emporium.
  3328 | D:5      | Reached XP level 8. HP: 38/48 MP: 8/8
  3353 | D:5      | Reached skill level 8 in Stealth
  3434 | D:5      | Reached skill level 5 in Fighting
  3527 | D:5      | Found Kusomos's Jewellery Boutique.
  3664 | D:5      | Found a shimmering altar of Xom.
  4151 | D:6      | Reached **** piety under Trog
  4151 | D:6      | Reached skill level 1 in Shields
  4215 | D:6      | Reached skill level 9 in Stealth
  4415 | D:7      | Reached XP level 9. HP: 54/54 MP: 9/9
  4420 | D:7      | Noticed Menkaure
  4430 | D:7      | Killed Menkaure
  4447 | D:7      | Reached skill level 10 in Stealth
  4692 | D:7      | Reached skill level 11 in Stealth
  4903 | D:7      | Found a sacrificial altar of Ru.
  5200 | D:8      | Found a staircase to the Lair.
  5271 | D:8      | Reached XP level 10. HP: 27/60 MP: 10/10
  5284 | D:8      | Reached skill level 10 in Short Blades
  5586 | D:8      | Reached skill level 12 in Stealth
  5608 | D:8      | Noticed Pikel
  5614 | D:8      | Killed Pikel
  5619 | D:8      | Found Henaruyph's Antique Weapon Emporium.
  5649 | D:8      | Found a blossoming altar of Fedhas.
  5817 | D:8      | Noticed Grum
  5850 | D:8      | Killed Grum
  5881 | D:8      | Noticed Prince Ribbit
  5889 | D:8      | Killed Prince Ribbit
  5889 | D:8      | Reached skill level 13 in Stealth
  5938 | D:8      | Paralysed by a hornet for 1 turns
  6029 | D:8      | Got a dazzling ring mail
  6177 | D:8      | Noticed a komodo dragon
  6195 | D:8      | Killed a komodo dragon
  6336 | D:8      | Found a shadowy altar of Dithmenos.
  6336 | D:8      | Found a glowing silver altar of Zin.
  6662 | D:9      | Reached skill level 5 in Shields
  6678 | D:9      | Reached skill level 14 in Stealth
  6678 | D:9      | Reached XP level 11. HP: 67/67 MP: 11/11
  6721 | D:9      | Found a burning altar of Makhleb.
  6724 | D:9      | Found a glowing golden altar of the Shining One.
  6735 | D:9      | Found an opulent altar of Gozag.
  7095 | D:9      | Found a sparkling altar of Nemelex Xobeh.
  7454 | D:9      | Identified the +1 ring mail "Tujiga" {*Slow rElec rPois Int+4} (You found it on level 8 of the Dungeon)
  7488 | D:10     | Entered Level 10 of the Dungeon
  7872 | D:10     | Reached skill level 15 in Stealth
  7924 | D:10     | Noticed Gastronok
  7954 | D:10     | Killed Gastronok
  8050 | D:10     | Reached skill level 16 in Stealth
  8063 | D:10     | Noticed Maurice
  8081 | D:10     | Killed Maurice
  8616 | Lair:1   | Entered Level 1 of the Lair of Beasts
  8639 | D:8      | HP: 3/68 [yak (5)]
  9373 | Lair:1   | Reached skill level 5 in Dodging
  9382 | Lair:1   | Reached XP level 12. HP: 35/73 MP: 12/12
 10066 | Lair:1   | Found a shattered altar of Ashenzari.
 10509 | Lair:2   | Noticed a four-headed hydra
 10932 | Lair:2   | Found a shattered altar of Ashenzari.
 11070 | Lair:2   | HP: 2/112 [rime drake/flash freeze (11)]
 11072 | Lair:2   | Mangled by a yak

Skill      XL: |  1  2  3  4  5  6  7  8  9 10 11 12 |
---------------+-------------------------------------+-----
Stealth        | 1 2 4 5 7 9 11 14 16 | 16.9
Fighting       | 4 5 6 7 8 |  8.6
Short Blades   | 5 6 7 8 9 10 11 | 11.5
Dodging        | 3 4 5 7 |  7.9
Shields        | 1 3 5 |  5.7
Armour         | |  1.5

Action                   |  1- 3 |  4- 6 |  7- 9 | 10-12 || total
-------------------------+-------+-------+-------+-------++-------
Melee: Short sword       |    15 |       |       |       ||    15
       Dagger            |    53 |   163 |   432 |   688 ||  1336
Invok: Berserk           |     1 |     4 |    10 |    16 ||    31
       Trog's Hand       |       |     1 |    11 |    18 ||    30
       Burn Spellbooks   |       |       |       |     1 ||     1
Evoke: Wand              |       |       |       |     1 ||     1
  Use: Scroll            |     5 |     5 |     7 |    10 ||    27
       Potion            |     1 |     2 |     3 |     3 ||     9
 Stab: Sleeping          |     3 |    12 |    12 |    26 ||    53
       Distracted        |       |       |     1 |     4 ||     5
  Eat: Chunk             |     7 |     1 |    25 |    31 ||    64
       Meat ration       |       |       |       |     2 ||     2
Armor: Animal skin       |     7 |    22 |    58 |    37 ||   124
       Ring mail         |       |       |       |    22 ||    22
Dodge: Dodged            |    51 |   101 |   221 |   271 ||   644
Block: Buckler           |       |       |    66 |   120 ||   186
